 Dungeon Crawl Stone Soup version 0.18-a0-1797-gc18daef (webtiles) character file.

37 macross the Sneak (level 3, -2/18 HPs)
             Began as a Spriggan Assassin on Apr 22, 2016.
             Slain by a worm (3 damage)
             ... on level 2 of the Dungeon.
             The game lasted 00:05:47 (1372 turns).

macross the Sneak (Spriggan Assassin)               Turns: 1372, Time: 00:05:48

Health: -2/18      AC:  3    Str:  7    XL:     3   Next: 23%
Magic:  0/4        EV: 17    Int: 12    God:
Gold:   76         SH:  0    Dex: 18    Spells: 0 memorised, 2 levels left

rFire  . . .     SeeInvis +     a - +2 dagger
rCold  . . .     Gourm    .     c - +0 robe
rNeg   . . .     Faith    .     (shield restricted)
rPois  .         Spirit   +     (helmet restricted)
rElec  .         Dismiss  .     d - +0 cloak
rCorr  .         Reflect  .     (gloves unavailable)
SustAt .         Harm     .     (boots unavailable)
MR     .....                    m - amulet of guardian spirit
Stlth  ++++......               (no ring)
                                (no ring)

@: very quick, not resistant to hostile enchantments, stealthy
A: unfitting armour, see invisible, herbivore 3, speed 3, slow metabolism 2
a: no special abilities


You were on level 2 of the Dungeon.
You were not hungry.

You visited 1 branch of the dungeon, and saw 2 of its levels.

You collected 76 gold pieces.

Inventory:

Hand Weapons
 a - a +2 dagger (weapon)
 b - a +0 blowgun
 o - a +0 dagger
 p - a +0 dagger
Missiles
 e - 8 poisoned needles
 f - 2 curare-tipped needles
Armour
 c - a +0 robe (worn)
 d - a +0 cloak (worn)
Jewellery
 m - an amulet of guardian spirit (around neck)
 t - a +2 amulet of reflection {unknown}
Scrolls
 j - 3 scrolls of fear {unknown}
 l - 7 scrolls of identify {unknown}
 n - 2 scrolls of remove curse {unknown}
 r - a scroll of recharging {unknown}
 s - a scroll of enchant weapon {unknown}
 u - a scroll of enchant armour {unknown}
 v - a scroll of noise {unknown}
Potions
 i - 3 potions of might {unknown}
 k - 3 potions of heal wounds {unknown}
 q - a potion of lignification {unknown}
 w - a potion of curing {unknown}
 x - a potion of degeneration {unknown}
 z - a potion of beneficial mutation {unknown}
 A - a potion of resistance {unknown}
Comestibles
 g - a bread ration
 h - 3 fruits


   Skills:
 + Level 1.5 Fighting
 + Level 2.2 Short Blades
 - Level 2.0 Throwing
 + Level 1.9 Dodging
 * Level 7.4 Stealth


You had 2 spell levels left.
You didn't know any spells.

Dungeon Overview and Level Annotations

Branches:
Dungeon (2/15)

Altars:


Innate Abilities, Weirdness & Mutations

You are tiny and cannot use many weapons and most armour.
You have supernaturally acute eyesight.
You are a herbivore.
You cover ground extremely quickly.
You need consume almost no food.


Message History

* * * LOW HITPOINT WARNING * * *
You barely miss the giant newt. The giant newt misses you. The worm misses you.
Found two stone staircases leading up.
There is a stone staircase leading up here.
You can't go down here!
Found an escape hatch in the ceiling.
A worm comes into view.
Found a grey potion.
The giant newt bites you but does no damage.
You hit the worm.
The worm is moderately wounded.
The giant newt closely misses you.
You closely miss the giant newt. The giant newt barely misses you.
The worm bites you!
* * * LOW HITPOINT WARNING * * *
You hit the giant newt.
You kill the giant newt!
The worm bites you.
You die...

#.##?#..##
#.##.#..#
#.......##
#####....#
#..<.....#
##..##..#.#######
#.......#.#.....#
.#.......#.#..ww.#
.....#..........@#
.##....<.#.#.....#
# ##.......#.!...#
#.....<.##########
#.##.##.# # #.##.#
#..... ####.## ..#


You could see 2 worms.

Vanquished Creatures
  An ooze (D:1)
  A dart slug (D:1)
  7 bats
  A giant cockroach (D:2)
  5 goblins
  2 hobgoblins (D:1)
  2 jackals (D:1)
  A quokka (D:2)
  2 giant newts
  6 kobolds
  A rat (D:1)
29 creatures vanquished.

Notes
Turn   | Place    | Note
--------------------------------------------------------------
     0 | D:1      | macross the Spriggan Assassin began the quest for the Orb.
     0 | D:1      | Reached XP level 1. HP: 10/10 MP: 2/2
    18 | D:1      | Reached skill level 6 in Stealth
   192 | D:1      | Reached XP level 2. HP: 14/14 MP: 3/3
   542 | D:1      | Reached skill level 7 in Stealth
   882 | D:2      | Reached XP level 3. HP: 18/18 MP: 4/4
  1372 | D:2      | Slain by a worm

Vault maps used:
D:1:      dpeg_arrival_tiny_b
D:2:      nicolae_ru_path_of_blood, serial_park_tiny_1

Skill      XL: |  1  2 |
---------------+-------+-----
Stealth        | 6 7 |  7.4
Fighting       | |  1.5
Short Blades   | |  2.2
Throwing       | |  2.0
Dodging        | |  1.9

Action                   || total
-------------------------++-------
Melee: Dagger            ||    65
 Stab: Sleeping          ||    13
       Distracted        ||     1
Armor: Robe              ||     9
Dodge: Dodged            ||    29
